 Dungeon Crawl Stone Soup version 0.29.1-15-g9cfb28693d (webtiles) character file.

Game seed: 12449195579767040818

891 jtron the Covert (level 8, -6/63 HPs)
             Began as a Gnoll Wanderer on Mar 20, 2023.
             Mangled by a water moccasin (7 damage)
             ... on level 5 of the Dungeon.
             The game lasted 00:10:45 (4987 turns).

jtron the Covert (Gnoll Wanderer)                   Turns: 4987, Time: 00:10:46

Health: -6/63      AC:  4    Str: 13    XL:     8   Next: 6%
Magic:  16/16      EV: 12    Int:  8    God:
Gold:   190        SH:  0    Dex: 16    Spells: 18/18 levels left

rFire   . . .      SeeInvis .   a - +3 dagger
rCold   . . .      Faith    .   (no shield)
rNeg    . . .      Spirit   .   f - +0 leather armour
rPois   .          Reflect  .   (no helmet)
rElec   .          Harm     .   (no cloak)
rCorr   .          Rampage  .   j - +0 pair of gloves
Will    .....                   (no boots)
Stlth   ++++......              (no amulet)
HPRegen 0.20/turn               (no ring)
MPRegen 0.15/turn               (no ring)

@: lethally poisoned (-6 -> -11)
A: fangs 1, strong nose, distributed training
a: no special abilities


You were on level 5 of the Dungeon.
You visited 1 branch of the dungeon, and saw 5 of its levels.

You collected 190 gold pieces.

Inventory:

Hand Weapons
 a - a +3 dagger (weapon)
 b - a +0 sling
Missiles
 c - 7 datura-tipped darts
 g - 2 atropa-tipped darts (quivered)
 l - 3 boomerangs
 n - 28 stones
 w - a throwing net
 z - 4 silver boomerangs
Armour
 f - a +0 leather armour (worn)
 j - a +0 pair of gloves (worn)
Jewellery
 x - a ring of ice
Wands
 y - a wand of flame (5)
Scrolls
 d - 2 scrolls of butterflies
 e - 3 scrolls of teleportation
 h - a scroll of torment
 o - 4 scrolls of identify {unknown}
 r - a scroll of fear
 u - a scroll of amnesia
 A - a scroll of summoning {unknown}
Potions
 i - 3 potions of might
 k - a potion of brilliance {unknown}
 m - a potion of ambrosia
 p - 2 potions of lignification {unknown}
 q - a potion of resistance {unknown}
 s - a potion of haste {unknown}
 t - a potion of heal wounds {unknown}
 v - 2 potions of mutation {unknown}
 C - a potion of curing {unknown}


   Skills:
 + Level 5.5 Fighting
 + Level 3.0 Short Blades
 + Level 3.0 Long Blades
 + Level 3.0 Axes
 + Level 3.0 Maces & Flails
 + Level 3.0 Polearms
 + Level 3.0 Staves
 + Level 3.0 Ranged Weapons
 + Level 3.0 Throwing
 + Level 3.0 Armour
 + Level 3.0 Dodging
 + Level 10.1 Stealth
 + Level 3.0 Shields
 + Level 4.0 Unarmed Combat
 + Level 5.9 Spellcasting
 + Level 2.4 Conjurations
 + Level 2.4 Hexes
 + Level 2.4 Summonings
 + Level 2.4 Necromancy
 + Level 2.4 Translocations
 + Level 2.4 Transmutations
 + Level 2.4 Fire Magic
 + Level 2.4 Ice Magic
 + Level 2.4 Air Magic
 + Level 2.4 Earth Magic
 + Level 2.4 Poison Magic
 + Level 3.3 Invocations
 + Level 3.0 Evocations


You had 18 spell levels left.
You didn't know any spells.
Your spell library contained the following spells:

 Spells                   Type           Power      Damage    Failure   Level
 Slow                     Hex            24%        N/A       11%         1
 Sting                    Tmut/Pois      24%        1d4       11%         1
 Poisonous Vapours        Pois/Air       12%        N/A       17%         2
 Confusing Touch          Hex            6%         N/A       32%         3
 Ignite Poison            Fire/Tmut/Pois 6%         N/A       32%         3
 Mephitic Cloud           Conj/Pois/Air  6%         N/A       32%         3
 Vampiric Draining        Necr           6%         2d6       32%         3
 Olgreb's Toxic Radiance  Pois           6%         N/A       73%         4
 Freezing Cloud           Conj/Ice/Air   3%         6-21      97%         5


Dungeon Overview and Level Annotations

Branches:
Dungeon (5/15)
 Temple: D:4-7

Altars:
Vehumet


Innate Abilities, Weirdness & Mutations

You have very sharp teeth.
Your uncanny sense of smell can sniff out nearby items.
Your experience applies equally to all skills.


Message History

Aiming: Throw Flame
Press: ? - help, Shift-Dir - straight line, f - orc
Aim: an orc, wielding a +0 whip and wearing a +0 chain mail (79% to hit)
The puff of flame hits the orc.
The orc is heavily wounded.
The orc misses you. The water moccasin bites you.
You are poisoned.
The water moccasin poisons you! The scorpion barely misses you.
The orc misses you.
You feel very sick. The water moccasin bites you!
You are more poisoned.
The water moccasin poisons you! The scorpion stings you!
The water moccasin closely misses you.
The scorpion stings you but does no damage.
The scorpion attacks as you move away! The scorpion closely misses you.
The water moccasin attacks as you move away!
The water moccasin bites you.
You feel very sick.
The water moccasin attacks as you move away!
The water moccasin bites you!
You feel very sick. The water moccasin closely misses you.
* * * LOW HITPOINT WARNING * * *
You feel very sick.
The water moccasin attacks as you move away!
The water moccasin completely misses you.
Found 12 gold pieces.
You feel very sick.
The water moccasin attacks as you move away!
The water moccasin bites you!
* * * LOW HITPOINT WARNING * * *
x2 You feel sick.
The water moccasin completely misses you.
* * * LOW HITPOINT WARNING * * *
You feel sick.
* * * LOW HITPOINT WARNING * * *
You feel sick. The water moccasin bites you!
You die...

###.O.# #.......... #......
.#..........### ##.....
.....#..#.....#.
###.....####...###.........
##........#.....##..........
#...............##..........
#.........(......#..........
#..<.......@SO.os.##........
####.......#....#.#..#......
....#.>#.........#......
...##.....#####..##.....
.#...............# #....
.##............### ####
.......#####...# ####.
...#.o. #...#####.... $... ∆
#.).##.....#.


You could see a water moccasin, an ogre, a scorpion, an orc wizard (asleep) and
an orc.

Vanquished Creatures
  Pikel (D:4)
  An ogre (D:5)
  2 lemures (D:4)
  A howler monkey (D:4)
  3 hounds
  A jelly (D:4)
  3 gnolls (D:4)
  5 adders
  An ufetubus (D:5)
  2 worms
  2 dart slugs
  5 orcs
  14 ball pythons
  5 bats
  10 endoplasms
  6 giant cockroaches
  7 goblins
  6 hobgoblins
  11 kobolds
  4 quokkas
  3 frilled lizards
  7 rats
100 creatures vanquished.

Notes
Turn   | Place    | Note
-------+----------+-------------------------------------------
     0 | D:1      | Reached skill level 9 in Stealth
     0 | D:1      | jtron the Gnoll Wanderer began the quest for the Orb.
     0 | D:1      | jtron set off with the following items: a +1 dagger, 2
                  | atropa-tipped darts, 2 datura-tipped darts, a scroll of
                  | butterflies, a scroll of teleportation, a +0 leather
                  | armour.
     0 | D:1      | Reached XP level 1. HP: 20/20 MP: 6/6
   115 | D:1      | Reached XP level 2. HP: 24/26 MP: 7/7
   372 | D:1      | Reached skill level 5 in Spellcasting
   372 | D:1      | Reached XP level 3. HP: 23/31 MP: 7/9
   868 | D:2      | Reached skill level 1 in Invocations
   923 | D:2      | Reached skill level 1 in Short Blades
   923 | D:2      | Reached skill level 1 in Long Blades
   923 | D:2      | Reached skill level 1 in Axes
   923 | D:2      | Reached skill level 1 in Maces & Flails
   923 | D:2      | Reached skill level 1 in Polearms
   923 | D:2      | Reached skill level 1 in Staves
   923 | D:2      | Reached skill level 1 in Ranged Weapons
   923 | D:2      | Reached skill level 1 in Throwing
   923 | D:2      | Reached skill level 1 in Armour
   923 | D:2      | Reached skill level 1 in Dodging
   923 | D:2      | Reached skill level 1 in Shields
   923 | D:2      | Reached skill level 1 in Evocations
  1061 | D:2      | Reached XP level 4. HP: 38/38 MP: 11/11
  1479 | D:3      | Reached skill level 1 in Conjurations
  1479 | D:3      | Reached skill level 1 in Hexes
  1479 | D:3      | Reached skill level 1 in Summonings
  1479 | D:3      | Reached skill level 1 in Necromancy
  1479 | D:3      | Reached skill level 1 in Translocations
  1479 | D:3      | Reached skill level 1 in Transmutations
  1479 | D:3      | Reached skill level 1 in Fire Magic
  1479 | D:3      | Reached skill level 1 in Ice Magic
  1479 | D:3      | Reached skill level 1 in Air Magic
  1479 | D:3      | Reached skill level 1 in Earth Magic
  1479 | D:3      | Reached skill level 1 in Poison Magic
  1906 | D:3      | Found a faded altar of an unknown god.
  2125 | D:3      | Found a radiant altar of Vehumet.
  2185 | D:3      | Reached XP level 5. HP: 43/43 MP: 12/12
  3443 | D:4      | Noticed a lemure
  3471 | D:4      | Killed a lemure
  3482 | D:4      | Noticed a lemure
  3762 | D:4      | Noticed a lemure
  3762 | D:4      | Noticed Pikel
  3762 | D:4      | Noticed a lemure
  3763 | D:4      | Reached XP level 6. HP: 50/50 MP: 14/14
  3769 | D:4      | Reached skill level 5 in Fighting
  3771 | D:4      | Killed Pikel
  3772 | D:4      | Reached skill level 10 in Stealth
  3772 | D:4      | Reached XP level 7. HP: 29/56 MP: 15/15
  4504 | D:5      | Entered Level 5 of the Dungeon
  4892 | D:5      | Reached XP level 8. HP: 63/63 MP: 16/16
  4986 | D:5      | HP: 2/63 [poisoned by a water moccasin]
  4987 | D:5      | Mangled by a water moccasin

Illustrated notes

Levels and vault maps discovered:
D:1:      spicycebolla_green_bress_n_ham, layout_rooms
D:2:      layout_basic
D:3:      layout_basic, vehumet_crystals, hellmonk_ecumenical_altar_blasted
D:4:      layout_cave_pools, uniq_pikel
D:5:      minmay_razor_zed, layout_cave_pools, serial_column_ruins,
          column_ruins_circle_small, column_ruins_hut_pillars,
          column_ruins_columns_straight, column_ruins_grid_1,
          column_ruins_corridor_straight, column_ruins_open_tiny

Skill      XL: |  1  2  3  4  5  6  7 |
---------------+----------------------+-----
Stealth        | 10 | 10.1
Spellcasting   | 5 |  5.9
Invocations    | 1 2 3 |  3.3
Short Blades   | 1 2 3 |  3.0
Long Blades    | 1 2 3 |  3.0
Axes           | 1 2 3 |  3.0
Maces & Flails | 1 2 3 |  3.0
Polearms       | 1 2 3 |  3.0
Staves         | 1 2 3 |  3.0
Ranged Weapons | 1 2 3 |  3.0
Throwing       | 1 2 3 |  3.0
Armour         | 1 2 3 |  3.0
Dodging        | 1 2 3 |  3.0
Shields        | 1 2 3 |  3.0
Evocations     | 1 2 3 |  3.0
Conjurations   | 1 2 |  2.4
Hexes          | 1 2 |  2.4
Summonings     | 1 2 |  2.4
Necromancy     | 1 2 |  2.4
Translocations | 1 2 |  2.4
Transmutations | 1 2 |  2.4
Fire Magic     | 1 2 |  2.4
Ice Magic      | 1 2 |  2.4
Air Magic      | 1 2 |  2.4
Earth Magic    | 1 2 |  2.4
Poison Magic   | 1 2 |  2.4
Unarmed Combat | 3 4 |  4.0
Fighting       | 5 |  5.5

Action                   |  1- 3 |  4- 6 |  7- 9 || total
-------------------------+-------+-------+-------++-------
Melee: Dagger            |    43 |   116 |    37 ||   196
       Bite              |     3 |    11 |       ||    14
       Punch             |     2 |     2 |       ||     4
 Fire: Sling             |    66 |    39 |       ||   105
Throw: Dart              |       |     4 |     3 ||     7
       Boomerang         |       |     1 |       ||     1
Evoke: Wand              |       |     6 |     2 ||     8
  Use: Scroll            |       |     7 |     1 ||     8
       Potion            |       |       |     2 ||     2
 Stab: Sleeping          |       |     9 |     2 ||    11
       Invisible         |       |     1 |     1 ||     2
       Distracted        |       |       |     1 ||     1
Armor: Leather armour    |    17 |    38 |    13 ||    68
Dodge: Dodged            |    22 |    79 |    33 ||   134
